TOP OF THE 1ST |
Brinkley Belugas batting - Pitching for Milton Bills : RHP Jesús Román
|
Pitching: RHP Jesús Román
|
|
Batting: RHB Carlos Salinas
|
0-0: Called Strike 0-1: Foul Ball, location: 2F 0-2: SINGLE (Line Drive, 9S)
|
Batting: SHB Edgar Cantú
|
0-0: Foul Ball, location: 2F 0-1: Ball 1-1: Ball 2-1: Swinging Strike 2-2: Ball Carlos Salinas is caught stealing 2nd base 3-2: Base on Balls
|
Batting: LHB George Wilcox
|
0-0: SINGLE (Line Drive, 56) Edgar Cantú to second
|
Batting: RHB Cullen Spencer
|
0-0: Ball 1-0: Ball 2-0: Foul Ball, location: 2F 2-1: Called Strike 2-2: Fly out, F9 (Popup, 9LS)
|
Batting: RHB José Romano
|
0-0: Called Strike 0-1: SINGLE (Flyball, 89S) Edgar Cantú to third George Wilcox to second
|
Batting: RHB Alberto Morales
|
0-0: SINGLE (Groundball, 4M) Edgar Cantú scores George Wilcox to third José Romano to second Runner from 3rd tries for Home, SAFE, no throw or cutoff
|
Batting: RHB Dave Nichols
|
0-0: Ball Wild Pitch! José Romano to third Alberto Morales to second 1-0: Ball 2-0: Swinging Strike Passed Ball! José Romano scores Alberto Morales to third 2-1: Foul Ball, location: 2F 2-2: Ball 3-2: Foul Ball, location: 2F 3-2: Base on Balls
|
Batting: RHB Chris Ross
|
0-0: Ball 1-0: Foul Ball, location: 2F 1-1: Foul Ball, location: 2F 1-2: Ball 2-2: Hit by Pitch Dave Nichols to second
|
Batting: LHB Fred Riley
|
0-0: Ball 1-0: Swinging Strike 1-1: Called Strike 1-2: Strikes out swinging
|
Top of the 1st over - 3 run(s), 4 hit(s), 0 error(s), 3 left on base; Brinkley 3 - Milton 0 |
BOTTOM OF THE 1ST |
Milton Bills batting - Pitching for Brinkley Belugas : RHP Kirk Evans
|
Pitching: RHP Kirk Evans
|
|
Batting: LHB Lance Schiffer
|
0-0: Ball 1-0: Called Strike 1-1: Swinging Strike 1-2: Ball 2-2: Ball 3-2: Fly out, F8 (Flyball, 8LS)
|
Batting: RHB Shane Franklin
|
0-0: Ball 1-0: Foul Ball, location: 2F 1-1: SOLO HOME RUN (Flyball, 8LXD), Distance : 461 ft
|
Batting: RHB Chandler Bailey
|
0-0: Hit by Pitch
|
Batting: SHB John Allen
|
0-0: Ball 1-0: Foul Ball, location: 2F 1-1: Swinging Strike 1-2: Ball 2-2: Ball 3-2: Foul Ball, location: 2F 3-2: Grounds into double play, 6-4-3 (Groundball, 6M)
|
Bottom of the 1st over - 1 run(s), 1 hit(s), 0 error(s), 0 left on base; Brinkley 3 - Milton 1 |
TOP OF THE 2ND |
Brinkley Belugas batting - Pitching for Milton Bills : RHP Jesús Román
|
Batting: RHB Carlos Salinas
|
0-0: Ground out 4-3 (Groundball, 34)
|
Batting: SHB Edgar Cantú
|
0-0: Ball 1-0: SINGLE (Flyball, 8LS)
|
Batting: LHB George Wilcox
|
0-0: Foul Ball, location: 2F 0-1: SINGLE (Groundball, 34D) (infield hit) Edgar Cantú to second
|
Batting: RHB Cullen Spencer
|
0-0: Foul Ball, location: 2F 0-1: Foul Ball, location: 2F 0-2: Ball 1-2: Fly out, F1 (Line Drive, 13)
|
Batting: RHB José Romano
|
0-0: Called Strike 0-1: Ball 1-1: Fly out, F9 (Line Drive, 9M)
|
Top of the 2nd over - 0 run(s), 2 hit(s), 0 error(s), 2 left on base; Brinkley 3 - Milton 1 |
BOTTOM OF THE 2ND |
Milton Bills batting - Pitching for Brinkley Belugas : RHP Kirk Evans
|
Batting: RHB Steve McLeod
|
0-0: Ground out 6-3 (Groundball, 6)
|
Batting: LHB Johnny Hernández
|
0-0: Called Strike 0-1: Foul Ball, location: 2F 0-2: Ball 1-2: Strikes out swinging
|
Batting: LHB Edwin Church
|
0-0: Ball 1-0: Ball 2-0: Called Strike 2-1: Foul Ball, location: 2F 2-2: Foul Ball, location: 2F 2-2: Ball 3-2: Fly out, F5 (Line Drive, 56)
|
Bottom of the 2nd over - 0 run(s), 0 hit(s), 0 error(s), 0 left on base; Brinkley 3 - Milton 1 |
TOP OF THE 3RD |
Brinkley Belugas batting - Pitching for Milton Bills : RHP Jesús Román
|
Batting: RHB Alberto Morales
|
0-0: Ball 1-0: Called Strike 1-1: Fly out, F3 (Line Drive, 3S)
|
Batting: RHB Dave Nichols
|
0-0: Ball 1-0: Foul Ball, location: 2F 1-1: Fly out, F8 (Flyball, 8RM)
|
Batting: RHB Chris Ross
|
0-0: Foul Ball, location: 2F 0-1: Ball 1-1: SINGLE (Line Drive, 6MD)
|
Batting: LHB Fred Riley
|
0-0: Called Strike 0-1: Ball 1-1: Swinging Strike 1-2: SINGLE (Groundball, 34D) Chris Ross to second Runner from 2nd tries for 3rd, SAFE, throw made to third
|
Batting: RHB Carlos Salinas
|
0-0: Ball 1-0: Foul Ball, location: 2F 1-1: Called Strike 1-2: Ball 2-2: Foul Ball, location: 2F 2-2: DOUBLE (Popup, 3D) Chris Ross scores Fred Riley to third Runner from 3rd tries for Home, SAFE, no throw or cutoff
|
Pitching: LHP Morris Nicholson
|
|
Batting: SHB Edgar Cantú
|
0-0: Ball 1-0: Ball 2-0: Called Strike 2-1: Called Strike 2-2: SINGLE (Line Drive, 9LM) Carlos Salinas to third Runner from 3rd tries for Home, SAFE, throw made home Edgar Cantú to second
|
Batting: LHB George Wilcox
|
0-0: Called Strike 0-1: Ball 1-1: Ball 2-1: Swinging Strike 2-2: Strikes out swinging
|
Top of the 3rd over - 3 run(s), 4 hit(s), 0 error(s), 1 left on base; Brinkley 6 - Milton 1 |
BOTTOM OF THE 3RD |
Milton Bills batting - Pitching for Brinkley Belugas : RHP Kirk Evans
|
Batting: RHB Jim Lee
|
0-0: Ball 1-0: Ball 2-0: Ball 3-0: Called Strike 3-1: Base on Balls
|
Batting: RHB Roberto Andrade
|
0-0: Ball 1-0: Ball Passed Ball! Jim Lee to second 2-0: Called Strike 2-1: Ball 3-1: Ground out 6-3 (Groundball, 6M) Jim Lee to third
|
Batting: LHB Lance Schiffer
|
0-0: Ball 1-0: Called Strike 1-1: Ball 2-1: Swinging Strike 2-2: Strikes out looking
|
Batting: RHB Shane Franklin
|
0-0: Ball 1-0: Called Strike 1-1: Fly out, F8 (Flyball, 8LD)
|
Bottom of the 3rd over - 0 run(s), 0 hit(s), 0 error(s), 1 left on base; Brinkley 6 - Milton 1 |
TOP OF THE 4TH |
Brinkley Belugas batting - Pitching for Milton Bills : LHP Morris Nicholson
|
Batting: RHB Cullen Spencer
|
0-0: Hit by Pitch
|
Batting: RHB José Romano
|
0-0: Ball 1-0: Fly out, F7 (Flyball, 7M)
|
Batting: RHB Alberto Morales
|
0-0: Called Strike 0-1: Ball 1-1: Ball 2-1: Ball 3-1: Base on Balls Cullen Spencer to second
|
Batting: RHB Dave Nichols
|
0-0: Ball 1-0: Called Strike 1-1: Ball 2-1: Ball 3-1: Called Strike Reached via error on a dropped throw, E6 Cullen Spencer to third Alberto Morales to second
|
Batting: RHB Chris Ross
|
0-0: Ball 1-0: Fly out, F6 (Popup, 5DF)
|
Batting: LHB Fred Riley
|
0-0: Ball 1-0: Swinging Strike 1-1: SINGLE (Groundball, 6MD) Cullen Spencer scores Alberto Morales to third Dave Nichols to second Runner from 3rd tries for Home, SAFE, no throw or cutoff
|
Batting: RHB Carlos Salinas
|
0-0: SINGLE (Groundball, 56D) (infield hit) Dave Nichols to third Fred Riley to second
|
Batting: SHB Edgar Cantú
|
0-0: Called Strike 0-1: Ball 1-1: Ball 2-1: Fly out, F8 (Flyball, 8RD)
|
Top of the 4th over - 2 run(s), 2 hit(s), 1 error(s), 3 left on base; Brinkley 8 - Milton 1 |
BOTTOM OF THE 4TH |
Milton Bills batting - Pitching for Brinkley Belugas : RHP Kirk Evans
|
Batting: RHB Chandler Bailey
|
0-0: Ball 1-0: Ground out 4-3 (Groundball, 4)
|
Batting: SHB John Allen
|
0-0: Ball 1-0: Ball 2-0: Called Strike 2-1: Ball 3-1: Base on Balls
|
Batting: RHB Steve McLeod
|
0-0: SINGLE (Groundball, 56S) John Allen to second
|
Batting: LHB Johnny Hernández
|
0-0: Called Strike 0-1: Called Strike 0-2: Fly out, F9 (Flyball, 89M)
|
Batting: LHB Edwin Church
|
0-0: Ball 1-0: Called Strike 1-1: Swinging Strike 1-2: Fly out, F7 (Flyball, 7M)
|
Bottom of the 4th over - 0 run(s), 1 hit(s), 0 error(s), 2 left on base; Brinkley 8 - Milton 1 |
TOP OF THE 5TH |
Brinkley Belugas batting - Pitching for Milton Bills : LHP Morris Nicholson
|
Batting: LHB George Wilcox
|
0-0: Ball 1-0: Fly out, F8 (Flyball, 8LM)
|
Batting: RHB Cullen Spencer
|
0-0: Ball 1-0: Foul Ball, location: 2F 1-1: Ground out 6-3 (Groundball, 6M)
|
Batting: RHB José Romano
|
0-0: Ground out 1-3 (Groundball, 15S)
|
Top of the 5th over - 0 run(s), 0 hit(s), 0 error(s), 0 left on base; Brinkley 8 - Milton 1 |
BOTTOM OF THE 5TH |
Milton Bills batting - Pitching for Brinkley Belugas : RHP Kirk Evans
|
Batting: RHB Jim Lee
|
0-0: Called Strike 0-1: Ball 1-1: Foul Ball, location: 2F 1-2: Fly out, F9 (Flyball, 9M)
|
Batting: RHB Roberto Andrade
|
0-0: Ball 1-0: Ball 2-0: Foul Ball, location: 2F 2-1: Swinging Strike 2-2: Reached on error, E5 (Groundball, 56)
|
Batting: LHB Lance Schiffer
|
0-0: Ball 1-0: Ball 2-0: Called Strike 2-1: Fly out, F4 (Popup, 8RS)
|
Batting: RHB Shane Franklin
|
0-0: Ball 1-0: Fly out, F5 (Line Drive, 5)
|
Bottom of the 5th over - 0 run(s), 0 hit(s), 1 error(s), 1 left on base; Brinkley 8 - Milton 1 |
TOP OF THE 6TH |
Brinkley Belugas batting - Pitching for Milton Bills : LHP Morris Nicholson
|
Batting: RHB Alberto Morales
|
0-0: Ground out 4-3 (Groundball, 34)
|
Batting: RHB Dave Nichols
|
0-0: Called Strike 0-1: Ball 1-1: SINGLE (Flyball, 89M)
|
Batting: RHB Chris Ross
|
0-0: Ball 1-0: Called Strike 1-1: Ball 2-1: Ball 3-1: Called Strike 3-2: Foul Ball, location: 2F 3-2: Fly out, F7 (Flyball, 7M) 3-2: Fly out, F7 (Flyball, 7M)
|
Batting: LHB Fred Riley
|
0-0: Ball 1-0: Ground out 4-3 (Groundball, 4)
|
Top of the 6th over - 0 run(s), 1 hit(s), 0 error(s), 1 left on base; Brinkley 8 - Milton 1 |
BOTTOM OF THE 6TH |
Milton Bills batting - Pitching for Brinkley Belugas : RHP Kirk Evans
|
Batting: RHB Chandler Bailey
|
0-0: Called Strike 0-1: Called Strike 0-2: Ball 1-2: Ball 2-2: Ball 3-2: Base on Balls
|
Batting: SHB John Allen
|
0-0: Ball 1-0: Foul Ball, location: 2F 1-1: Called Strike 1-2: Strikes out swinging
|
Batting: RHB Steve McLeod
|
0-0: Ball 1-0: Foul Ball, location: 2F 1-1: Fly out, F7 (Line Drive, 78S)
|
Batting: LHB Johnny Hernández
|
0-0: Ball 1-0: Called Strike 1-1: Ball 2-1: Foul Ball, location: 2F 2-2: Foul Ball, location: 2F 2-2: Strikes out swinging
|
Bottom of the 6th over - 0 run(s), 0 hit(s), 0 error(s), 1 left on base; Brinkley 8 - Milton 1 |
TOP OF THE 7TH |
Brinkley Belugas batting - Pitching for Milton Bills : LHP Morris Nicholson
|
Pitching: LHP Eric Baxter
|
|
Batting: RHB Carlos Salinas
|
0-0: Foul Ball, location: 2F 0-1: Called Strike 0-2: Foul Ball, location: 2F 0-2: Strikes out swinging
|
Batting: SHB Edgar Cantú
|
0-0: SINGLE (Groundball, 4M)
|
Batting: LHB George Wilcox
|
0-0: Ball 1-0: Ball 2-0: Ball 3-0: Called Strike 3-1: Grounds into double play, U6-3 (Groundball, 6M)
|
Top of the 7th over - 0 run(s), 1 hit(s), 0 error(s), 0 left on base; Brinkley 8 - Milton 1 |
BOTTOM OF THE 7TH |
Milton Bills batting - Pitching for Brinkley Belugas : RHP Kirk Evans
|
Now at C: James Peterson
|
|
Now at 3B: Max Burke
|
|
Batting: LHB Edwin Church
|
0-0: Called Strike 0-1: Ball 1-1: SINGLE (Line Drive, 4D)
|
Batting: RHB Jim Lee
|
0-0: Swinging Strike 0-1: Foul Ball, location: 2F 0-2: Strikes out swinging
|
Batting: RHB Roberto Andrade
|
0-0: Ball 1-0: Ball 2-0: Foul Ball, location: 2F 2-1: Fly out, F4 (Popup, 4D)
|
Batting: LHB Lance Schiffer
|
0-0: Called Strike 0-1: Ball 1-1: Ball 2-1: Ball 3-1: Base on Balls Edwin Church to second
|
Pitching: RHP José López
|
|
Batting: RHB Shane Franklin
|
0-0: Ball 1-0: Ball 2-0: Fielders Choice at 2nd, U4 (Groundball, 4M)
|
Bottom of the 7th over - 0 run(s), 1 hit(s), 0 error(s), 2 left on base; Brinkley 8 - Milton 1 |
TOP OF THE 8TH |
Brinkley Belugas batting - Pitching for Milton Bills : LHP Eric Baxter
|
Batting: RHB Cullen Spencer
|
0-0: Ground out 6-3 (Groundball, 6M)
|
Batting: RHB James Peterson
|
0-0: Ball 1-0: Ball 2-0: Ball 3-0: Base on Balls
|
Batting: RHB Alberto Morales
|
0-0: Foul Ball, location: 2F 0-1: Ball 1-1: Foul Ball, location: 2F 1-2: Ball 2-2: Ball 3-2: Strikes out swinging
|
Batting: RHB Dave Nichols
|
0-0: Called Strike 0-1: Foul Ball, location: 2F 0-2: Ball 1-2: Ball 2-2: Strikes out swinging
|
Top of the 8th over - 0 run(s), 0 hit(s), 0 error(s), 1 left on base; Brinkley 8 - Milton 1 |
BOTTOM OF THE 8TH |
Milton Bills batting - Pitching for Brinkley Belugas : RHP José López
|
Batting: RHB Chandler Bailey
|
0-0: Foul Ball, location: 2F 0-1: Swinging Strike 0-2: Foul Ball, location: 2F 0-2: Ball 1-2: Ball 2-2: Ball 3-2: Base on Balls
|
Batting: SHB John Allen
|
0-0: Ball 1-0: Ball 2-0: Foul Ball, location: 2F 2-1: Called Strike 2-2: Foul Ball, location: 2F 2-2: Ball 3-2: Foul Ball, location: 2F 3-2: Foul Ball, location: 2F 3-2: Foul Ball, location: 2F 3-2: Foul Ball, location: 2F 3-2: Fly out, F6 (Popup, 6)
|
Batting: RHB Steve McLeod
|
0-0: Ball 1-0: Called Strike 1-1: Foul Ball, location: 2F 1-2: Ball 2-2: Grounds into double play, 6-4-3 (Groundball, 6)
|
Bottom of the 8th over - 0 run(s), 0 hit(s), 0 error(s), 0 left on base; Brinkley 8 - Milton 1 |
TOP OF THE 9TH |
Brinkley Belugas batting - Pitching for Milton Bills : LHP Eric Baxter
|
Pitching: RHP John Connor
|
|
Batting: RHB Max Burke
|
0-0: Called Strike 0-1: Called Strike 0-2: Strikes out swinging
|
Batting: LHB Fred Riley
|
0-0: Ball 1-0: Called Strike 1-1: Foul Ball, location: 2F 1-2: Ball 2-2: Ball 3-2: Foul Ball, location: 2F 3-2: SINGLE (Groundball, 34)
|
Batting: RHB Carlos Salinas
|
0-0: Fly out, F8 (Flyball, 8RD)
|
Batting: SHB Edgar Cantú
|
0-0: Ball 1-0: Ball 2-0: Called Strike 2-1: Called Strike 2-2: Ball 3-2: Foul Ball, location: 2F 3-2: Fly out, F6 (Line Drive, 6D)
|
Top of the 9th over - 0 run(s), 1 hit(s), 0 error(s), 1 left on base; Brinkley 8 - Milton 1 |
BOTTOM OF THE 9TH |
Milton Bills batting - Pitching for Brinkley Belugas : RHP José López
|
Batting: LHB Johnny Hernández
|
0-0: Ground out U3 (Groundball, 3L)
|
Batting: LHB Edwin Church
|
0-0: Foul Ball, location: 2F 0-1: Ball 1-1: Ground out U3 (Groundball, 3)
|
Batting: RHB Jim Lee
|
0-0: Ball 1-0: Ball 2-0: Ball 3-0: Called Strike 3-1: SINGLE (Flyball, 8RS)
|
Batting: RHB Roberto Andrade
|
|
Pinch Hitting: LHB David Hunt
|
0-0: Ball 1-0: Foul Ball, location: 2F 1-1: Foul Ball, location: 2F 1-2: Fielders Choice at 2nd, 6-4 (Groundball, 6)
|
Bottom of the 9th over - 0 run(s), 1 hit(s), 0 error(s), 0 left on base; Brinkley 8 - Milton 1 |
|